 Dungeon Crawl Stone Soup version 0.29.1-15-g9cfb28693d (webtiles) character file.

Game seed: 14489641006368978528

25 Artool the Cudgeller (level 2, 0/22 HPs)
             Began as a Demonspawn Gladiator on Apr 3, 2023.
             Slain by an adder (3 damage)
             ... on level 2 of the Dungeon.
             The game lasted 00:01:32 (915 turns).

Artool the Cudgeller (Demonspawn Gladiator)          Turns: 915, Time: 00:01:33

Health: 0/22       AC:  4    Str: 14    XL:     2   Next: 82%
Magic:  2/2        EV: 12    Int:  9    God:
Gold:   41         SH:  0    Dex: 14    Spells: 1/1 levels left

rFire   . . .      SeeInvis .   i - +0 whip
rCold   . . .      Faith    .   (no shield)
rNeg    . . .      Spirit   .   b - +0 leather armour
rPois   .          Reflect  .   c - +0 helmet
rElec   .          Harm     .   (no cloak)
rCorr   .          Rampage  .   (no gloves)
Will    .....                   (no boots)
Stlth   +.........              (no amulet)
HPRegen 0.07/turn               (no ring)
MPRegen 0.08/turn               (no ring)

@: no status effects
A: weakness stinger 1
a: no special abilities


You were on level 2 of the Dungeon.
You visited 1 branch of the dungeon, and saw 2 of its levels.

You collected 41 gold pieces.

Inventory:

Hand Weapons
 a - a +0 flail
 i - a +0 whip (weapon)
Missiles
 d - 3 throwing nets (quivered)
 e - a javelin
Armour
 b - a +0 leather armour (worn)
 c - a +0 helmet (worn)
Scrolls
 f - 3 scrolls of identify {unknown}
 g - 2 scrolls of magic mapping {unknown}
 h - a scroll of immolation {unknown}
 j - a scroll of blinking {unknown}
Potions
 k - a potion of heal wounds {unknown}


   Skills:
 + Level 2.3 Fighting
 + Level 2.9 Maces & Flails
 + Level 2.1 Throwing
 + Level 0.8 Armour
 + Level 2.9 Dodging


You had one spell level left.
You didn't know any spells.
Your spell library contained the following spells:

 Spells                   Type           Power      Damage    Failure   Level
 Stone Arrow              Conj/Erth      0%         3d7       83%         3
 Animate Armour           Summ/Erth      0%         N/A       99%         4
 Lehudib's Crystal Spear  Conj/Erth      0%         10d2      100%        8


Dungeon Overview and Level Annotations

Branches:
Dungeon (2/15)

Altars:


Innate Abilities, Weirdness & Mutations

You have a small tail.


Message History

A goblin comes into view. It is wielding a +0 club.
The goblin unwields a +0 dagger.
The goblin wields a +0 sling.
The goblin shoots a sling bullet.
The sling bullet hits you.
A ball python comes into view.
The ball python hisses angrily.
There are monsters nearby!
An adder and an endoplasm come into view.
The goblin shoots a sling bullet.
The sling bullet hits you.
There are monsters nearby!
Found a dagger.
The endoplasm jiggles.
A kobold comes into view. It is wielding a +0 dagger.
You hit the adder.
The adder is moderately wounded.
The goblin closely misses you. The ball python closely misses you. x2
The adder closely misses you.
You hit the adder but do no damage.
The adder is moderately wounded.
The goblin hits you with a +0 club.
The goblin unwields a +0 sling.
The goblin wields a +0 dagger.
The goblin hits you with a +0 dagger. The adder barely misses you.
The ball python bites you. The ball python grabs you.
The ball python constricts you.
You are too injured to fight recklessly!
You are too injured to fight recklessly!
You escape the ball python's grasp.
The adder attacks as you move away! The adder barely misses you.
The goblin attacks as you move away! The goblin hits you but does no damage.
The adder bites you.
The goblin unwields a +0 dagger.
The goblin wields a +0 sling.
The goblin shoots a sling bullet.
The sling bullet hits you. The goblin attacks as you move away!
The goblin barely misses you. The adder completely misses you.
The adder barely misses you. The adder bites you.
* * * LOW HITPOINT WARNING * * *
The goblin attacks as you move away! The goblin hits you with a +0 club.
* * * LOW HITPOINT WARNING * * *
The kobold throws a stone.
The stone closely misses you. The adder bites you.
You die...

#.#.......##.# ..
#..........#.# ...
...###.K....#.# .....
..#. #....###.##..... # #
#.#gJ.##........
....#...##........
#..###.gS.........
#..####S#......... ######
##..# #@#.........
......###..# #.##........
.......#...###...........
.......#.#..##...........
.......<..#.....#........
.........................
.:..........##...........
.......†..#####..........
..........# ...........


You could see an adder, an endoplasm, 2 goblins, a ball python and a kobold.

Vanquished Creatures
  A dart slug (D:1)
  4 ball pythons
  2 endoplasms (D:1)
  A giant cockroach (D:1)
  A goblin (D:1)
  A hobgoblin (D:1)
  4 kobolds (D:1)
  A quokka (D:1)
  2 bats (D:1)
  A frilled lizard (D:1)
  2 rats (D:1)
20 creatures vanquished.

Notes
Turn   | Place    | Note
-------+----------+-------------------------------------------
     0 | D:1      | Artool the Demonspawn Gladiator began the quest for the
                  | Orb.
     0 | D:1      | Reached XP level 1. HP: 16/16 MP: 1/1
    72 | D:1      | Found a faded altar of an unknown god.
    92 | D:1      | Gained mutation: You have a small tail. [demonic ancestry]
    92 | D:1      | Reached XP level 2. HP: 21/22 MP: 2/2
   915 | D:2      | Slain by an adder

Illustrated notes

Levels and vault maps discovered:
D:1:      nzn_arrival_water_spiral, layout_basic,
          chequers_ecumenical_altar_simple
D:2:      cheibrodos_old_hovel, layout_rooms

Skill      XL: |  1  2 |
---------------+-------+-----
Throwing       | 2 |  2.1
Fighting       | |  2.3
Maces & Flails | |  2.9
Armour         | |  0.8
Dodging        | |  2.9

Action                   || total
-------------------------++-------
Melee: Flail             ||    36
       Whip              ||     4
       Tailslap          ||     2
Armor: Leather armour    ||    11
Dodge: Dodged            ||    39
